 Dungeon Crawl Stone Soup version 0.21.1-1-g345015f (webtiles) character file.

29197 Hebeh the Severer (level 13, -8/118 HPs)
             Began as a Minotaur Fighter on June 24, 2018.
             Was a High Priest of Trog.
             Mangled by a harpy (11 damage)
             ... summoned by Kirke
             ... on level 5 of the Lair of Beasts.
             The game lasted 01:46:07 (17090 turns).

Hebeh the Severer (Minotaur Fighter)               Turns: 17090, Time: 01:46:08

Health: -8/118     AC:  0    Str: 26    XL:     13   Next: 13%
Magic:  0/13       EV: 13    Int:  5    God:    Trog [*****.]
Gold:   804        SH:  0    Dex: 10    Spells: 12/12 levels left

rFire    . . .     SeeInvis .   (weapon currently unavailable)
rCold    . . .     Gourm    .   (shield currently unavailable)
rNeg     . . .     Faith    .   (armour currently unavailable)
rPois    .         Spirit   +   (helmet currently unavailable)
rElec    .         Reflect  .   (cloak currently unavailable)
rCorr    .         Harm     .   (gloves currently unavailable)
MR       .....                  (boots currently unavailable)
Stlth    +.........             s - amulet of guardian spirit
HPRegen  0.29/turn              (ring currently unavailable)
MPRegen  0.13/turn              (ring currently unavailable)

@: about to teleport, pig-form, very quick
A: small, (retaliatory headbutt)
a: Berserk, Trog's Hand, Brothers in Arms, Burn Spellbooks, Renounce Religion


You were on level 5 of the Lair of Beasts.
You worshipped Trog.
Trog was extremely pleased with you.
You were not hungry.
You were a filthy swine.
You visited 2 branches of the dungeon, and saw 13 of its levels.

You collected 804 gold pieces.

Inventory:

Hand Weapons
 a - the +8 hand axe of Pieliame (melded) {freeze, rF+ rN+ SInv}
   (You found it on level 8 of the Dungeon)

   It has been specially enchanted to freeze those struck by it, causing extra
   injury to most foes and up to half again as much damage against particularly
   susceptible opponents.
   It can also slow down cold-blooded creatures.
   It protects you from fire.
   It protects you from negative energy.
   It lets you see invisible.
 b - a +2 war axe of flaming
Missiles
 l - 4 javelins (quivered)
Armour
 c - a +1 shield (melded)
 d - a scarf of cloud immunity
 t - a +0 pair of boots (melded)
 F - a +1 cloak (melded)
 H - a +0 pair of gloves (melded)
 Q - a +4 ring mail of cold resistance (melded)
Jewellery
 e - a +3 ring of evasion
 s - an amulet of guardian spirit (around neck)
 E - an uncursed ring of protection from fire
 K - a +4 ring of protection (melded)
 O - a +3 ring of evasion (melded)
Wands
 w - a wand of random effects (72)
 x - a wand of acid (12)
 D - a wand of iceblast (22)
 N - a wand of enslavement (17)
 R - a wand of polymorph (16)
Scrolls
 j - a scroll of fear
 m - 4 scrolls of teleportation
 n - 2 scrolls of enchant armour
 r - a scroll of identify
 y - 2 scrolls of fog
 z - 3 scrolls of remove curse
 C - a scroll of immolation
 G - 2 scrolls of magic mapping
 P - a scroll of blinking
Potions
 h - 6 potions of curing
 i - 2 potions of might
 k - 3 potions of lignification {unknown}
 o - 2 potions of degeneration {unknown}
 p - 5 potions of heal wounds {unknown}
 q - a potion of haste {unknown}
 u - 2 potions of berserk rage {unknown}
 v - 3 potions of agility
 A - a potion of resistance {unknown}
 B - 2 potions of flight {unknown}
 L - 2 potions of cancellation {unknown}
Miscellaneous
 I - a phantom mirror
Comestibles
 f - 6 rations
 g - 5 chunks of flesh


   Skills:
 + Level 12.3 Fighting
 + Level 15.8 Axes
 + Level 12.3 Armour
 * Level 12.7 Shields
 + Level 2.2 Evocations


You had 12 spell levels left.
You didn't know any spells.

Dungeon Overview and Level Annotations

Branches:
Dungeon (8/15)             Temple (0/1) D:7            Lair (5/6) D:8
 Shoals (0/4) Lair:3       Spider (0/4) Lair:4
  Slime: Lair:5-6

Altars:
Ashenzari
Hepliaklqana
Qazlal
Trog

Shops:
D:4 :

Annotations:
Lair:1 exclusion: 3 oklob plants
Lair:5 Kirke


Innate Abilities, Weirdness & Mutations

((You reflexively headbutt those who attack you in melee.))
((You have a pair of horns on your head.))


Message History

* * * LOW HITPOINT WARNING * * *
The hog bites you. Kirke closely misses you.
As you read the scroll of fear, it crumbles to dust.
You assume a fearsome visage.
The harpy looks frightened! x2
Kirke looks frightened!
The hog looks frightened!
The hippogriff looks frightened!
Cornered, the harpy turns to fight!
Kirke begs for mercy.
Kirke casts a spell.
Kirke flickers and vanishes!
Deactivating autopickup; reactivate with Ctrl-A.
The harpy closely misses you. The harpy claws you!
* * * LOW HITPOINT WARNING * * *
The harpy barely misses you. The harpy claws you!
* * * LOW HITPOINT WARNING * * *
The harpy screeches!
The harpy closely misses you. The harpy claws you.
* * * LOW HITPOINT WARNING * * *
The harpy screeches!
The harpy claws you!
You die...

#.####....#...##### ##
#........P..##
#....H...P...### ##
##.............##
#.###....#.##.....PP .
#....#..####......P ..##
#....###..##....... .....##
###...###.....#.####
......†##P.h##.#P........###
......†h#.H## ##............
.......#...# #P...........
..........## #............
..........# ###..........
.......h..# #..........##
........H.. ...........###
...#........ .......#..###
....###.#... ......P####


You could see a hippogriff (fleeing), 2 harpies and a hog (fleeing).

Vanquished Creatures
  4 hydras
  A two-headed ogre (D:8)
  A death yak (Lair:3)
  Pikel (D:8)
  A merfolk siren (Lair:3)
  3 black mambas
  Maurice (D:7)
  Joseph (D:8)
  11 spiny frogs
  4 komodo dragons
  2 rime drakes
  2 polar bears (Lair:4)
  5 jumping spiders (Lair:4)
  A hornet (Lair:2)
  5 blink frogs
  7 hippogriffs
  3 redbacks (Lair:4)
  38 yaks
  5 hogs (Lair:5)
  2 wyverns
  4 basilisks
  A hungry ghost (D:8)
  10 water moccasins
  Menkaure (D:6)
  14 porcupines
  An orc warrior (D:6)
  3 ogres
  2 phantoms
  A black bear (Lair:2)
  3 slaves (D:8)
  A necrophage (D:7)
  8 wolves
  7 crocodiles
  A big kobold (D:8)
  Blork the orc (D:4)
  9 bullfrogs
  A wyvern zombie (D:8)
  A scorpion (D:7)
  9 wights
  4 crimson imps
  3 hounds
  4 jellies
  A centaur zombie (D:7)
  7 orc priests
  5 orc wizards
  Crazy Yiuf (D:2)
  Terence (D:2)
  2 iguanas
  5 worker ants
  A mummy (D:4)
  A worker ant zombie (D:7)
  10 adders
  A howler monkey skeleton (D:7)
  A shadow imp (D:8)
  2 oozes (D:3)
  3 worms
  2 dart slugs (D:2)
  6 leopard geckos
  27 orcs
  A ball python (D:5)
  8 bats
  5 giant cockroaches
  11 goblins
  7 hobgoblins
  7 kobolds
  8 quokkas
  2 frilled lizards
  A hobgoblin zombie (D:4)
  A kobold zombie (D:4)
  A leopard gecko zombie (D:5)
  2 orc zombies (D:4)
  A quokka skeleton (D:5)
  9 rats
  A bush (D:8)
  8 fungi
  16 plants
352 creatures vanquished.

Vanquished Creatures (others)
  An orc priest (D:8)
  A bush (D:8)
  3 fungi
  6 plants
11 creatures vanquished.

Grand Total: 363 creatures vanquished

Notes
Turn   | Place    | Note
-------+----------+-------------------------------------------
     0 | D:1      | Hebeh the Minotaur Fighter began the quest for the Orb.
     0 | D:1      | Reached XP level 1. HP: 19/19 MP: 0/0
   139 | D:1      | Reached XP level 2. HP: 22/27 MP: 1/1
   268 | D:1      | Reached skill level 3 in Axes
   891 | D:2      | Reached XP level 3. HP: 33/33 MP: 2/2
   924 | D:2      | Found a runed door.
  1244 | D:2      | Noticed Terence
  1249 | D:2      | Killed Terence
  1249 | D:2      | Reached XP level 4. HP: 26/40 MP: 3/3
  1518 | D:2      | Reached skill level 4 in Axes
  1954 | D:2      | Noticed Crazy Yiuf
  1958 | D:2      | Killed Crazy Yiuf
  2159 | D:3      | Reached XP level 5. HP: 47/47 MP: 4/4
  2414 | D:3      | Found a stormy altar of Qazlal.
  2625 | D:4      | Noticed an ogre
  2726 | D:3      | Killed an ogre
  2726 | D:3      | Reached skill level 5 in Axes
  2726 | D:3      | Reached XP level 6. HP: 28/55 MP: 5/5
  2893 | D:4      | Reached skill level 5 in Shields
  2974 | D:4      | Reached skill level 5 in Armour
  3050 | D:4      | Reached skill level 5 in Fighting
  3268 | D:4      | Found Joniowipir's Book Shop.
  3402 | D:4      | Noticed Blork the orc
  3408 | D:4      | Killed Blork the orc
  3408 | D:4      | Reached skill level 6 in Axes
  3408 | D:4      | Reached XP level 7. HP: 45/61 MP: 6/6
  3807 | D:5      | Entered Level 5 of the Dungeon
  3871 | D:5      | Found a shattered altar of Ashenzari.
  4116 | D:5      | Reached skill level 7 in Axes
  4409 | D:5      | Found a bloodstained altar of Trog.
  4412 | D:5      | Became a worshipper of Trog the Wrathful
  4742 | D:6      | Found a shattered altar of Ashenzari.
  4803 | D:6      | Reached XP level 8. HP: 28/70 MP: 7/7
  5120 | D:6      | Noticed Menkaure
  5135 | D:6      | Killed Menkaure
  5557 | D:6      | Found a hazy altar of Hepliaklqana.
  5774 | D:7      | Reached skill level 8 in Axes
  5830 | D:7      | Noticed a hippogriff
  5844 | D:7      | Killed a hippogriff
  6223 | D:7      | Reached skill level 9 in Axes
  6326 | D:7      | Noticed a hippogriff
  6334 | D:7      | Killed a hippogriff
  6334 | D:7      | Reached XP level 9. HP: 63/79 MP: 8/8
  6441 | D:7      | Found a staircase to the Ecumenical Temple.
  7009 | D:8      | Reached * piety under Trog
  7354 | D:8      | Reached skill level 10 in Axes
  7376 | D:8      | Got a translucent hand axe
  7377 | D:8      | Identified the +8 hand axe of Pieliame {freeze, rF+ rN+ SInv} (You found it on level 8 of the Dungeon)
  7584 | D:8      | Noticed Maurice
  7948 | D:7      | Killed Maurice
  7948 | D:7      | Reached skill level 11 in Axes
  7948 | D:7      | Reached XP level 10. HP: 61/90 MP: 5/9
  8182 | D:8      | Found a staircase to the Lair.
  8303 | Lair:1   | Entered Level 1 of the Lair of Beasts
  8309 | D:8      | Noticed Joseph
  8326 | D:8      | Killed Joseph
  8414 | D:8      | Noticed a two-headed ogre
  8420 | D:8      | Killed a two-headed ogre
  8576 | D:8      | Reached ** piety under Trog
  8604 | D:8      | Noticed Pikel
  8615 | D:8      | Killed Pikel
  8615 | D:8      | Reached skill level 12 in Axes
  9210 | Lair:1   | Noticed a spiny frog
  9230 | D:8      | Killed a spiny frog
  9622 | Lair:1   | Reached XP level 11. HP: 74/99 MP: 7/10
  9820 | Lair:1   | Reached skill level 10 in Armour
  9820 | Lair:1   | Reached skill level 10 in Shields
 10089 | Lair:1   | Reached skill level 10 in Fighting
 10261 | Lair:1   | Noticed an oklob plant
 10280 | Lair:1   | Noticed an oklob plant
 10313 | Lair:1   | Noticed an oklob plant
 10375 | Lair:1   | Reached skill level 13 in Axes
 10843 | Lair:1   | Found the +3 robe of Folly {Archmagi, MR-- Int+5}
 11645 | Lair:1   | Identified a scroll of acquirement
 12222 | Lair:2   | Noticed a four-headed hydra
 12234 | Lair:2   | Killed a one-headed hydra
 12236 | Lair:2   | Reached skill level 14 in Axes
 12328 | Lair:2   | Paralysed by a hornet for 1 turns
 12331 | Lair:2   | Reached *** piety under Trog
 12847 | Lair:2   | Noticed a seven-headed hydra
 12855 | Lair:2   | Killed a two-headed hydra
 12855 | Lair:2   | Reached XP level 12. HP: 91/110 MP: 7/11
 13881 | Lair:3   | Found a staircase to the Shoals.
 13967 | Lair:3   | Noticed a four-headed hydra
 13974 | Lair:3   | Killed a one-headed hydra
 13974 | Lair:3   | Reached skill level 15 in Axes
 13991 | Lair:3   | Noticed a death yak
 14550 | Lair:3   | Noticed a four-headed hydra
 14555 | Lair:3   | Killed a one-headed hydra
 14608 | Lair:3   | Reached **** piety under Trog
 14658 | Lair:3   | Killed a death yak
 15489 | Lair:4   | Reached skill level 1 in Evocations
 16456 | Lair:4   | Reached XP level 13. HP: 107/118 MP: 13/13
 16728 | Lair:4   | Found a hole to the Spider Nest.
 17068 | Lair:5   | Noticed Kirke
 17071 | Lair:5   | Reached ***** piety under Trog
 17088 | Lair:5   | HP: 4/118 [harpy[Kirke] (7)]
 17090 | Lair:5   | Mangled by a harpy

Skill      XL: |  1  2  3  4  5  6  7  8  9 10 11 12 13 |
---------------+----------------------------------------+-----
Axes           | 3 4 5 6 7 9 11 12 14 15 | 15.8
Armour         | 4 5 6 7 8 9 11 12 | 12.3
Fighting       | 4 5 6 7 8 9 11 12 | 12.3
Shields        | 4 5 6 7 8 9 11 12 | 12.7
Evocations     | 1 2 |  2.2

Action                   |  1- 3 |  4- 6 |  7- 9 | 10-12 | 13-15 || total
-------------------------+-------+-------+-------+-------+-------++-------
Melee: Short sword       |    51 |       |       |       |       ||    51
       Headbutt          |     6 |    20 |    51 |   165 |    13 ||   255
       War axe           |    21 |   142 |   201 |    37 |       ||   401
       Hand axe          |       |       |    58 |   571 |    47 ||   676
       Unarmed           |       |       |       |       |     3 ||     3
Throw: Javelin           |       |       |       |     1 |       ||     1
Invok: Burn Spellbooks   |       |       |       |     1 |       ||     1
Evoke: Wand              |       |       |     3 |     2 |       ||     5
  Use: Scroll            |     5 |       |    15 |     3 |     2 ||    25
  Eat: Chunk             |     1 |     7 |     9 |    15 |     1 ||    33
       Ration            |       |       |     2 |     4 |       ||     6
Armor: Scale mail        |    22 |    44 |    67 |    99 |       ||   232
       Ring mail         |       |       |       |    16 |    29 ||    45
Dodge: Dodged            |    17 |    52 |    72 |   122 |    43 ||   306
Block: Shield            |    30 |    85 |   123 |   247 |    21 ||   506
